Map: Emerald City LE

Players

PEREidurale - Winner!

  • Race: Zerg Zerg
  • League: Diamond
  • Spawn Location: 11:00

MasterBait - Winner!

  • Race: Protoss Protoss
  • Spawn Location: 11:00

Massa

  • Race: Terran Terran
  • Spawn Location: 5:00

qqq

  • Race: Zerg Zerg
  • Spawn Location: 5:00

VOD

Have the link to the VOD?

Description

Time

  • Played on: Oct. 2, 2020, 4:50 p.m.
  • Length: 21:21
Show
View Real Time Build Order
Export as new Build Order

PEREidurale Zerg - Winner!

Build Orders: Hatch First 

Get SALT Encoding   

  12  0:00  Drone  
  13  0:12  Overlord  
  13  0:17  Drone  
  14  0:31  Drone x2  
  16  0:59  Hatchery  
  15  1:04  Drone  
  15  1:05  Drone  
  17  1:14  Spawning Pool  
  17  1:18  Extractor  
  15  1:20  Drone  
  15  1:23  Drone  
  17  1:38  Drone  
  18  1:40  Drone  
  19  2:04  Overlord  
  19  2:05  Drone  
  20  2:11  Queen  
  20  2:14  Queen  
  25  2:15  Zergling x4  
  26  2:25  Drone  
  26  2:26  Drone  
  27  2:53  Zergling x8  
  27  2:54  Zergling x2  
  30  3:03  Zergling x2  
  31  3:11  Drone x2  
  33  3:23  Extractor  
  32  3:31  Drone x3  
  32  3:32  Drone, Hatchery  
  35  3:46  Metabolic Boost  
  35  3:56  Drone x2, Baneling Nest  
  35  3:57  Overlord  
  36  4:15  Queen  
  38  4:35  Zergling x4  
  38  4:36  Drone x4  
  38  4:37  Overlord  
  38  4:52  Drone x5, Overlord  
  43  4:53  Drone, Roach Warren  
  43  4:59  Zergling x6  
  46  5:07  Zergling x4  
  46  5:11  Drone, Queen x2  
  53  5:25  Drone x2  
  53  5:26  Drone, Zergling x2  
  57  5:31  Spine Crawler  
  57  5:32  Spine Crawler  
  55  5:40  Extractor  
  54  5:46  Drone x3  
  54  5:47  Drone x2, Overlord  
  59  5:53  Extractor  
  58  6:00  Drone  
  58  6:01  Drone x3  
  58  6:02  Drone x2  
  64  6:06  Lair  
  64  6:17  Queen  
  64  6:18  Drone x3  
  69  6:19  Drone x2, Roach  
  69  6:20  Overlord  
  69  6:22  Overlord x2  
  73  6:31  Evolution Chamber  
  72  6:33  Evolution Chamber  
  72  6:37  Drone x3  
  72  6:39  Roach x4  
  82  6:41  Drone x2  
  84  6:58  Drone x2  
  86  7:10  Drone x3  
  86  7:11  Roach x4  
  97  7:16  Pneumatized Carapace, Hydralisk Den, Burrow  
  97  7:21  Roach  
  98  7:22  Infestation Pit  
  98  7:23  Overlord x3  
  98  7:24  Glial Reconstitution  
  97  7:34  Drone, Overlord  
  97  7:35  Overlord  
  98  7:43  Drone x4  
  98  7:44  Extractor x2, Drone  
  101  7:45  Hydralisk  
  101  7:50  Hatchery, Hydralisk x3  
  108  8:04  Hydralisk x3  
  108  8:05  Hydralisk x3  
  118  8:07  Overlord  
  119  8:26  Hydralisk x2  
  119  8:27  Hydralisk  
  119  8:29  Overlord x2  
  119  8:30  Overlord  
  125  8:39  Spore Crawler  
  124  8:42  Tunneling Claws  
  124  8:54  Spore Crawler  
  123  8:55  Spore Crawler  
  123  8:57  Hydralisk x3  
  123  8:58  Hydralisk x2  
  123  8:59  Zergling x4  
  134  9:07  Extractor x2  
  125  9:34  Hydralisk x5  
  125  9:35  Hydralisk, Overlord x2  
  125  9:36  Hydralisk  
  139  9:51  Drone  
  139  9:52  Drone x5  
  145  9:58  Hive  
  145  10:00  Zerg Melee Weapons Level 1  
  145  10:01  Zerg Ground Armor Level 1  
  139  10:34  Spore Crawler  
  138  10:37  Spine Crawler  
  138  10:39  Spine Crawler  
  136  10:43  Spore Crawler  
  136  10:47  Drone x4, Hydralisk x5  
  147  11:10  Drone x4  
  147  11:11  Drone x2  
  153  11:17  Hatchery  
  152  11:32  Ultralisk Cavern  
  144  11:41  Hydralisk x6  
  136  11:55  Hydralisk x3, Zergling x2  
  136  11:56  Zergling x6  
  128  12:04  Hydralisk x2  
  128  12:05  Zergling x6  
  109  12:08  Queen  
  101  12:16  Zerg Ground Armor Level 2  
  101  12:17  Zerg Melee Weapons Level 2  
  98  12:32  Hydralisk x2  
  98  12:33  Ultralisk  
  98  12:34  Ultralisk x5  
  136  12:43  Ultralisk  
  138  12:45  Zergling x12  
  142  12:57  Grooved Spines  
  132  13:02  Hydralisk x3, Zergling x8  
  132  13:03  Zergling x2  
  110  13:21  Ultralisk  
  110  13:22  Drone  
  110  13:23  Drone x3  
  118  13:33  Ultralisk  
  119  13:46  Hydralisk x2, Zergling x4  
  113  14:02  Drone x2  
  109  14:03  Drone x6  
  109  14:04  Drone x2  
  109  14:09  Muscular Augments  
  105  14:14  Ultralisk  
  105  14:15  Ultralisk  
  115  14:30  Overseer  
  115  14:31  Overseer x2  
  115  14:32  Ultralisk  
  115  14:33  Zergling x10  
  115  14:34  Zergling x2  
  115  14:38  Chitinous Plating  
  127  15:11  Extractor  
  127  15:14  Extractor  
  125  15:16  Ultralisk  
  125  15:17  Hydralisk x3, Ultralisk x2  
  125  15:19  Zergling x6  
  152  15:31  Ultralisk  
  152  15:32  Overlord  
  143  15:43  Ultralisk  
  143  15:44  Zergling x8  
  149  15:56  Zergling x2  
  152  15:57  Zergling x6  
  127  16:39  Ultralisk x3  
  151  16:40  Zergling x8, Ultralisk  
  151  16:41  Zergling x2  
  156  16:53  Zerg Melee Weapons Level 3  
  136  17:19  Hydralisk x3, Zergling x2, Ultralisk x2  
  136  17:20  Zergling x10  
  148  17:28  Zergling x8  
  146  17:41  Hydralisk x3  
  146  17:42  Hydralisk x2, Zergling x10  
  134  18:06  Hydralisk  
  134  18:07  Hydralisk x2, Zergling x6  
  134  18:08  Hydralisk, Ultralisk x2  
  134  18:09  Zergling x2  
  146  18:19  Ultralisk  
  140  18:54  Hatchery  
  111  19:20  Ultralisk  
  111  19:21  Ultralisk x4  
  111  19:23  Extractor  
  130  19:26  Extractor  
  129  19:33  Zergling x6  
  129  19:34  Zergling x10  
  129  19:35  Zergling x12  
  129  19:36  Hatchery, Zergling x2  
  143  19:42  Overseer x3  
  136  20:31  Hydralisk  
  136  20:32  Hydralisk, Zergling x6  
  136  20:33  Ultralisk x4  
Show
View Real Time Build Order
Export as new Build Order

MasterBait Protoss - Winner!

Build Orders: Dark Templar Rush 

Get SALT Encoding   

  12  0:00  Probe  
  13  0:12  Probe  
  14  0:20  Pylon  
  14  0:25  Probe  
  15  0:38  Probe (Chrono Boost)  
  15  0:42  Gateway  
  16  0:47  Probe (Chrono Boost), Assimilator  
  17  0:52  Probe (Chrono Boost)  
  18  1:05  Probe, Assimilator  
  19  1:17  Probe (Chrono Boost)  
  20  1:18  Pylon  
  20  1:27  Probe (Chrono Boost)  
  20  1:32  Probe (Chrono Boost)  
  21  1:33  Cybernetics Core  
  22  1:44  Probe  
  22  1:45  Zealot  
  25  1:59  Probe  
  26  2:11  Warp Gate  
  26  2:12  Twilight Council  
  26  2:13  Zealot  
  28  2:16  Pylon  
  28  2:33  Probe  
  29  2:42  Gateway  
  29  2:47  Robotics Facility  
  29  2:57  Dark Shrine  
  29  3:09  Pylon  
  29  3:14  Gateway  
  29  3:16  Gateway  
  29  3:41  Probe  
  29  3:46  Warp Prism (Chrono Boost)  
  30  3:53  Probe  
  33  4:14  Dark Templar x3  
  39  4:36  Pylon  
  39  4:44  Pylon  
  39  4:45  Pylon  
  39  4:49  Nexus  
  39  4:54  Probe  
  40  5:05  Dark Templar x2  
  40  5:06  Probe  
  43  5:15  Dark Templar  
  43  5:18  Probe  
  44  5:29  Dark Templar  
  44  5:30  Probe  
  45  5:43  Zealot x2  
  45  6:11  Dark Templar  
  45  6:12  Dark Templar  
  49  6:24  Zealot x2  
  47  6:33  Probe (Chrono Boost)  
  47  6:34  Probe (Chrono Boost)  
  43  6:43  Charge (Chrono Boost), Forge  
  43  6:44  Probe x2 (Chrono Boost)  
  43  6:49  Gateway  
  43  6:51  Gateway  
  43  6:53  Probe, Pylon  
  43  6:55  Probe, Assimilator  
  45  7:06  Dark Templar  
  47  7:11  Dark Templar  
  49  7:24  Probe x2  
  49  7:27  Zealot  
  49  7:28  Zealot  
  55  7:35  Assimilator  
  55  7:36  Probe x2  
  57  7:48  Probe  
  57  7:49  Probe  
  55  8:00  Probe, Dark Templar  
  55  8:01  Probe, Dark Templar  
  61  8:06  Pylon  
  61  8:08  Photon Cannon  
  55  8:21  Photon Cannon  
  55  8:28  Dark Templar x2  
  55  8:29  Zealot  
  55  8:30  Zealot  
  63  8:40  Probe  
  62  8:45  Shield Battery  
  63  8:48  Probe  
  63  8:52  Probe  
  63  8:54  Archon  
  63  8:55  Archon  
  64  8:59  Dark Templar  
  64  9:00  Nexus  
  65  9:08  Probe, Protoss Ground Weapons Level 1 (Chrono Boost)  
  67  9:17  Probe  
  67  9:25  Dark Templar  
  67  9:27  Nexus  
  69  9:31  Pylon  
  69  9:38  Zealot x3  
  73  9:41  Pylon  
  73  9:42  Observer (Chrono Boost)  
  76  9:48  Dark Templar  
  78  9:58  Warp Prism (Chrono Boost)  
  80  10:02  Probe x2  
  78  10:14  Probe  
  78  10:15  Probe  
  78  10:18  Assimilator  
  80  10:26  Probe  
  81  10:28  Templar Archives  
  81  10:31  Gateway  
  81  10:32  Dark Templar  
  83  10:42  Zealot x3  
  89  10:51  Forge  
  89  10:56  Zealot x2  
  93  11:06  Probe x2  
  95  11:11  Archon  
  95  11:18  Dark Templar x3  
  97  11:29  High Templar x4  
  105  11:33  Assimilator  
  105  11:37  Probe x2 (Chrono Boost)  
  105  11:38  Probe (Chrono Boost), Photon Cannon  
  102  11:41  Protoss Ground Armor Level 1 (Chrono Boost)  
  102  11:42  Protoss Ground Weapons Level 2 (Chrono Boost)  
  102  11:46  Probe x2 (Chrono Boost)  
  104  11:58  Dark Templar  
  106  12:22  Archon x2  
  102  12:24  Nexus  
  94  12:35  Probe x3  
  95  12:39  Zealot x2  
  95  12:40  Zealot x5  
  105  12:55  Gateway  
  105  12:56  Gateway  
  105  12:57  Assimilator  
  105  12:58  Gateway  
  105  13:00  Gateway  
  105  13:01  Assimilator  
  105  13:02  Gateway  
  105  13:05  Pylon  
  105  13:06  High Templar x3  
  105  13:07  High Templar x3  
  117  13:20  Archon  
  117  13:21  Archon x2  
  117  13:30  Dark Templar  
  115  13:42  High Templar x3  
  115  13:43  Zealot  
  115  13:44  Zealot x2  
  127  13:54  Archon  
  124  13:58  Archon  
  79  14:31  High Templar x2  
  79  14:32  High Templar x3  
  79  14:33  Zealot  
  79  14:34  Zealot x4  
  79  14:35  Zealot x2  
  79  14:37  Probe x3 (Chrono Boost)  
  79  14:38  Probe (Chrono Boost)  
  105  14:43  Archon  
  105  14:44  Archon  
  105  14:49  Probe (Chrono Boost)  
  105  14:50  Probe (Chrono Boost)  
  105  14:51  Probe (Chrono Boost)  
  109  14:55  Probe (Chrono Boost)  
  109  14:56  Protoss Shields Level 1 (Chrono Boost)  
  109  14:57  Probe (Chrono Boost)  
  109  14:58  Probe (Chrono Boost)  
  111  15:01  Probe (Chrono Boost)  
  111  15:03  Observer (Chrono Boost), Probe  
  114  15:15  Probe  
  114  15:19  Observer (Chrono Boost)  
  116  15:21  Assimilator, Robotics Facility  
  116  15:22  Robotics Facility  
  116  15:25  Assimilator  
  116  15:26  Dark Templar x2  
  116  15:27  Pylon  
  120  15:30  Zealot  
  120  15:31  Zealot x6  
  120  15:32  Zealot x3  
  120  15:33  Pylon  
  140  15:36  Protoss Ground Weapons Level 3 (Chrono Boost)  
  124  16:16  Observer  
  125  16:19  Immortal x2  
  125  16:22  High Templar  
  125  16:23  High Templar x2  
  125  16:24  Zealot x6  
  125  16:25  Zealot x2  
  155  16:34  Nexus  
  153  16:45  Archon  
  153  16:48  Zealot  
  155  16:56  Pylon  
  155  16:58  Pylon  
  155  16:59  Archon, Pylon x2  
  155  17:00  Pylon  
  151  17:01  Dark Templar  
  151  17:02  Dark Templar  
  151  17:03  Pylon  
  153  17:27  Zealot  
  153  17:28  Zealot x5  
  153  17:29  Zealot x3  
  167  17:30  Zealot  
  165  17:40  Observer (Chrono Boost)  
  165  17:41  Observer x2 (Chrono Boost)  
  167  17:58  Probe x2 (Chrono Boost)  
  167  18:02  Probe (Chrono Boost)  
  167  18:03  Probe (Chrono Boost)  
  167  18:04  Probe (Chrono Boost)  
  167  18:08  Probe (Chrono Boost)  
  167  18:11  Probe (Chrono Boost)  
  167  18:12  Photon Cannon x2  
  169  18:14  Photon Cannon, Shield Battery  
  169  18:16  Dark Templar  
  169  18:17  Dark Templar x4  
  163  18:27  Nexus  
  163  18:28  Assimilator  
  163  18:29  Pylon  
  163  18:30  Assimilator  
  163  18:32  Pylon  
  151  18:35  Zealot x2, Pylon  
  151  18:36  Zealot x5  
  161  18:48  Gateway  
  161  18:50  Gateway  
  157  18:55  Pylon  
  157  19:09  Dark Templar x4  
  161  19:34  Gateway  
  161  19:35  Gateway x3  
  161  19:37  Gateway x2  
  161  19:43  Probe  
  158  19:55  Probe  
  158  19:58  Zealot x4  
  158  19:59  Zealot x5  
  177  20:00  Zealot  
  179  20:07  Probe  
  168  20:19  Probe  
  158  20:24  Immortal x3  
  109  21:11  High Templar x2  
  109  21:12  High Templar x7  
  109  21:13  High Templar x6  
  109  21:14  High Templar x4  
  151  21:19  Archon x5  
  151  21:20  Archon x3  
  151  21:21  Archon  
Show
View Real Time Build Order
Export as new Build Order

Massa Terran 

Build Orders: Gas First Reaper Expand 

Get SALT Encoding   

  12  0:01  SCV  
  13  0:13  SCV  
  14  0:23  Supply Depot  
  14  0:26  SCV  
  15  0:31  Refinery  
  15  0:44  SCV  
  15  0:46  Barracks  
  16  0:56  SCV  
  17  1:08  SCV  
  17  1:09  Refinery  
  18  1:20  SCV  
  19  1:34  Reaper  
  20  1:42  Command Center  
  20  2:04  Orbital Command  
  20  2:06  Marine  
  21  2:18  Supply Depot  
  21  2:20  Factory  
  20  2:59  Barracks Tech Lab  
  20  3:00  Supply Depot  
  20  3:05  Factory Tech Lab  
  20  3:07  Orbital Command  
  20  3:09  SCV  
  21  3:16  Starport  
  21  3:17  Marine  
  22  3:21  SCV  
  22  3:23  Supply Depot  
  23  3:27  Widow Mine  
  25  3:35  SCV x2  
  27  3:41  Marine  
  28  3:49  Widow Mine, Supply Depot  
  30  3:58  SCV x2  
  30  3:59  Marine  
  33  4:05  Engineering Bay  
  33  4:10  Widow Mine, SCV x2  
  33  4:11  Medivac  
  39  4:17  Marine  
  41  4:31  Widow Mine  
  41  4:42  Marine  
  44  4:53  Widow Mine  
  44  5:00  Marine  
  41  5:18  Marine  
  42  5:34  Stimpack  
  42  5:36  Marine, Supply Depot  
  43  5:46  SCV x2  
  43  5:47  Siege Tank  
  46  5:58  SCV x2  
  46  6:01  Marauder  
  49  6:10  SCV  
  50  6:17  SCV  
  50  6:18  Missile Turret  
  51  6:20  Widow Mine  
  51  6:22  SCV, Missile Turret  
  51  6:23  Marauder  
  51  6:25  Missile Turret  
  56  6:29  SCV, Missile Turret  
  56  6:31  Missile Turret  
  57  6:34  SCV  
  57  6:35  Missile Turret  
  58  6:50  Supply Depot  
  58  6:53  Marauder  
  60  6:55  Widow Mine  
  60  6:58  Refinery  
  60  7:00  Refinery  
  62  7:04  Engineering Bay, Terran Infantry Weapons Level 1  
  62  7:09  SCV x2  
  62  7:13  Command Center  
  62  7:14  Marauder  
  66  7:16  Widow Mine  
  66  7:21  SCV x2  
  70  7:33  SCV  
  71  7:37  Marauder  
  71  7:38  Widow Mine, Combat Shield  
  75  7:45  Barracks  
  75  7:47  Barracks x2  
  75  7:55  SCV  
  75  7:56  SCV  
  75  7:59  Marauder  
  77  8:08  SCV  
  78  8:16  SCV  
  78  8:24  SCV  
  78  8:28  Missile Turret  
  78  8:29  SCV  
  79  8:36  SCV  
  79  8:37  Barracks  
  80  8:41  SCV  
  80  8:44  Missile Turret  
  81  8:49  SCV  
  81  8:50  Missile Turret  
  82  9:03  Missile Turret  
  82  9:11  Missile Turret  
  82  9:13  Starport  
  82  9:16  Starport  
  82  9:17  Starport Tech Lab  
  82  9:25  Missile Turret  
  82  9:29  Barracks Reactor x2  
  82  9:30  Barracks Tech Lab  
  82  9:31  Barracks Tech Lab  
  82  9:32  Marauder, Missile Turret  
  82  9:35  Concussive Shells  
  82  9:38  Terran Infantry Armor Level 1  
  84  9:42  Armory  
  84  9:45  Armory  
  84  9:51  Supply Depot x2  
  84  9:52  Supply Depot  
  84  9:53  Marauder  
  86  10:14  Marauder  
  86  10:16  Supply Depot  
  86  10:17  Supply Depot  
  86  10:18  Supply Depot  
  86  10:36  Marauder x3, Marine  
  86  10:37  Marine x3  
  86  10:42  Planetary Fortress  
  96  10:46  SCV  
  97  10:54  Marine x4  
  93  10:57  Marauder x3  
  93  11:01  Terran Infantry Weapons Level 2  
  93  11:04  Terran Vehicle And Ship Armor Level 1, Terran Vehicle Weapons Level 1  
  99  11:08  Starport Reactor x2  
  99  11:12  Marine x4  
  103  11:18  Marauder  
  103  11:19  Marauder x2  
  103  11:21  Refinery  
  103  11:22  Refinery, Command Center  
  109  11:27  Siege Tank  
  109  11:29  Marine  
  109  11:30  Marine x3  
  116  11:39  Medivac  
  120  11:40  Marauder x3  
  124  11:47  Marine  
  124  11:48  Marine x2  
  127  11:59  Siege Tank  
  132  12:01  Marauder x3  
  134  12:09  Medivac  
  136  12:23  Marauder  
  136  12:26  SCV x3  
  99  12:38  SCV x3  
  99  12:39  Medivac  
  104  12:50  SCV x2  
  106  12:52  Marauder x3, Marine x2  
  106  12:53  Marine x2  
  116  13:10  Marine x2  
  116  13:11  Marine x2  
  120  13:14  Marauder x3  
  120  13:15  SCV  
  120  13:16  SCV x2  
  129  13:27  SCV  
  129  13:28  SCV x2, Marine, Supply Depot  
  129  13:29  Supply Depot  
  129  13:32  Marine x3, Supply Depot x2  
  129  13:33  Supply Depot  
  136  13:35  Marauder x3  
  136  13:39  SCV  
  136  13:40  SCV x2  
  136  13:46  Marine  
  136  13:48  Liberator x4  
  132  13:49  Marine  
  132  13:50  Marine  
  132  13:51  SCV, Supply Depot  
  132  13:52  SCV x2  
  132  13:53  Supply Depot  
  149  13:56  Marauder x2  
  149  13:57  Marauder  
  152  14:03  SCV  
  152  14:04  SCV  
  130  14:18  Marauder x3  
  133  14:27  Marine x3  
  133  14:28  Marine  
  132  14:39  Marauder x3  
  132  14:45  Marine x3  
  141  14:53  SCV x3  
  141  14:56  Planetary Fortress  
  144  15:00  Marauder  
  144  15:01  Marauder x2  
  144  15:05  SCV x3  
  153  15:08  Thor  
  159  15:17  SCV x2  
  159  15:18  SCV  
  162  15:22  Marauder  
  164  15:51  Thor  
  97  16:19  Marauder  
  97  16:20  Marauder x2, Marine x2  
  97  16:21  Marine x2  
  97  16:25  Liberator x3  
  110  16:34  Thor  
  110  16:38  Marine x4  
  120  16:40  Ghost Academy  
  120  16:41  Marauder x3, Ghost Academy  
  126  16:56  Marine x4  
  128  17:02  Marauder  
  128  17:03  Marauder x2  
  123  17:11  Refinery  
  123  17:12  Refinery  
  123  17:13  Marine  
  123  17:14  Marine x3  
  113  17:24  Marauder x3, Command Center  
  109  17:45  Marauder x3  
  112  17:57  Marine x4  
  102  18:06  Marauder, Liberator x5  
  102  18:07  Marauder x2  
  114  18:28  Marauder x3, Command Center  
  120  18:39  Planetary Fortress  
  120  18:49  Liberator  
  92  19:34  Missile Turret  
  76  19:56  Marauder x3  
  76  19:57  Marine x3, Command Center  
  76  19:58  Marine  
  86  20:17  Marauder  
  86  20:18  Marauder x2  
  69  20:37  Marine x2  
  69  20:38  Marine x2  
  69  20:39  Marauder x3  
Show
View Real Time Build Order
Export as new Build Order

qqq Zerg 

Build Orders: Hatch First, Lurkers 

Get SALT Encoding   

  12  0:01  Drone  
  13  0:13  Drone  
  14  0:35  Hatchery  
  13  0:42  Drone  
  14  0:55  Spawning Pool  
  13  1:04  Overlord  
  13  1:10  Drone  
  14  1:13  Extractor  
  14  1:15  Drone  
  14  1:25  Drone  
  15  1:53  Drone x3  
  18  2:02  Drone x2  
  18  2:03  Queen  
  18  2:05  Drone  
  23  2:12  Spine Crawler  
  22  2:15  Drone  
  22  2:20  Drone  
  24  2:26  Drone  
  25  2:33  Zergling x2  
  26  2:40  Drone  
  26  2:41  Drone  
  26  2:43  Metabolic Boost  
  28  2:52  Overlord  
  28  3:05  Overlord  
  28  3:06  Overlord  
  30  3:13  Lair  
  30  3:15  Drone  
  30  3:17  Drone, Overlord  
  30  3:21  Queen  
  30  3:25  Zergling x4  
  34  3:28  Drone  
  35  3:38  Zergling x2  
  35  3:39  Drone  
  35  3:40  Drone x2  
  39  3:50  Zergling x2  
  39  3:51  Drone  
  39  3:55  Drone x2  
  43  3:56  Drone  
  43  3:57  Zergling x2  
  45  4:04  Zergling x2  
  45  4:09  Baneling Nest  
  45  4:10  Roach Warren  
  45  4:13  Drone  
  45  4:14  Drone  
  46  4:27  Zergling x6  
  47  4:53  Zergling x4  
  47  4:54  Drone x2  
  47  4:55  Drone x3, Glial Reconstitution  
  54  5:00  Overseer  
  54  5:08  Overseer  
  54  5:10  Spore Crawler  
  54  5:14  Zergling x4  
  45  5:28  Drone x2  
  45  5:29  Drone  
  42  5:45  Drone x2  
  42  5:46  Drone  
  44  6:01  Spore Crawler  
  44  6:02  Spine Crawler  
  44  6:03  Drone x3  
  45  6:07  Hatchery  
  44  6:19  Spire  
  34  6:34  Spore Crawler  
  34  6:35  Spine Crawler  
  34  6:36  Zergling x6  
  34  6:37  Drone x3  
  38  6:44  Queen  
  40  6:51  Roach x2  
  40  6:52  Drone  
  45  7:08  Hatchery  
  45  7:09  Drone  
  45  7:11  Extractor, Queen  
  45  7:13  Drone, Extractor  
  45  7:14  Roach x2  
  50  7:24  Hatchery  
  50  7:28  Drone  
  50  7:31  Drone x3  
  50  7:35  Drone  
  54  7:40  Mutalisk  
  54  7:41  Mutalisk  
  55  7:56  Drone  
  55  8:03  Drone  
  55  8:04  Mutalisk x2  
  60  8:13  Drone  
  60  8:15  Drone x3  
  65  8:27  Drone x3  
  66  8:41  Mutalisk  
  65  8:42  Mutalisk x2  
  71  8:52  Spore Crawler  
  71  8:53  Spine Crawler  
  71  8:55  Drone x3  
  72  8:56  Drone, Spine Crawler  
  72  8:57  Drone x4  
  71  9:24  Roach x6  
  71  9:26  Overlord x3  
  71  9:28  Drone  
  78  9:43  Queen  
  78  9:44  Overlord x2  
  80  9:53  Roach x3  
  80  9:54  Drone x2, Roach x2  
  80  9:55  Drone x7  
  99  10:13  Mutalisk x3  
  103  10:16  Drone x3  
  108  10:23  Drone x3  
  111  10:34  Roach x3  
  117  10:39  Hatchery  
  117  10:41  Infestation Pit  
  115  10:44  Hydralisk Den  
  115  10:45  Overlord  
  115  10:46  Evolution Chamber, Overlord x4  
  115  10:47  Evolution Chamber, Overlord x2  
  112  10:50  Zerg Flyer Weapons Level 1  
  112  10:51  Hatchery  
  112  10:55  Drone x2  
  112  10:56  Drone x4  
  117  10:58  Overlord x3  
  117  11:02  Spine Crawler  
  116  11:10  Spore Crawler  
  115  11:12  Spine Crawler  
  115  11:14  Spore Crawler  
  115  11:15  Drone x4  
  117  11:18  Extractor  
  117  11:20  Extractor  
  93  11:40  Roach x2  
  93  11:41  Roach x8  
  93  11:42  Roach x4  
  93  11:43  Roach x5  
  129  11:52  Roach x4  
  129  11:53  Roach  
  135  12:05  Hatchery  
  128  12:09  Roach x4  
  128  12:11  Drone x2  
  104  12:59  Roach x6  
  104  13:00  Roach x3  
  104  13:01  Roach x4  
  128  13:16  Roach  
  128  13:17  Roach x2  
  128  13:18  Drone x2  
  132  13:21  Drone  
  119  13:29  Hive  
  105  13:44  Hydralisk x2  
  105  13:46  Drone  
  105  13:47  Drone x4, Lurker Den  
  112  13:49  Extractor  
  112  13:55  Extractor  
  91  13:58  Spine Crawler  
  91  14:00  Spine Crawler  
  91  14:01  Spine Crawler  
  67  14:04  Hydralisk x3  
  67  14:07  Drone x4  
  67  14:09  Zergling x6  
  78  14:21  Zergling x4  
  78  14:23  Drone x3  
  83  14:35  Drone x2  
  85  14:38  Spine Crawler  
  84  14:50  Zergling x6  
  87  14:54  Hatchery  
  87  14:57  Lurker x2  
  87  14:58  Lurker x3  
  91  15:02  Adaptive Talons  
  91  15:05  Hatchery, Zergling x2  
  91  15:06  Zergling x4, Overlord x2  
  81  15:09  Drone x4  
  81  15:10  Drone  
  83  15:14  Hatchery  
  83  15:16  Hydralisk  
  80  15:39  Hydralisk x3, Roach x2  
  86  15:45  Hydralisk  
  86  15:48  Lurker  
  89  15:59  Seismic Spines  
  89  16:07  Roach x4  
  92  16:11  Drone  
  92  16:12  Drone x5  
  96  16:20  Lurker x4  
  100  16:26  Hatchery  
  97  16:32  Hydralisk  
  97  16:33  Hydralisk x3  
  97  16:34  Drone  
  97  16:35  Drone x5  
  110  16:41  Spine Crawler  
  109  16:47  Hydralisk x3  
  109  16:50  Drone x3  
  118  17:03  Drone, Spore Crawler  
  118  17:16  Lurker  
  118  17:17  Lurker x3  
  118  17:18  Drone x5  
  118  17:19  Drone x2, Zergling x4  
  118  17:20  Zergling x4  
  121  17:36  Spine Crawler  
  116  17:49  Lurker x3  
  116  17:50  Drone  
  116  17:51  Drone x4  
  124  17:56  Overseer  
  124  17:58  Zerg Missile Weapons Level 1  
  124  17:59  Zerg Ground Armor Level 1  
  124  18:03  Hatchery  
  123  18:18  Hydralisk x3  
  123  18:19  Hydralisk  
  112  18:39  Hydralisk x4  
  94  18:41  Drone x2  
  94  18:42  Drone x4  
  96  18:51  Queen  
  98  18:57  Spore Crawler  
  98  19:01  Drone, Spine Crawler  
  98  19:02  Spore Crawler  
  90  19:04  Lurker  
  90  19:05  Hydralisk x3  
  90  19:06  Hydralisk x2  
  98  19:20  Lurker x2  
  98  19:21  Lurker  
  98  19:22  Zergling x4  
  98  19:23  Zergling x6  
  98  19:24  Drone x2  
  108  19:25  Hatchery  
  107  19:35  Lurker  
  107  19:36  Drone x2  
  107  19:37  Queen  
  112  19:39  Queen  
  112  19:41  Drone x2  
  112  19:42  Drone  
  117  20:13  Queen  
  117  20:15  Queen  
  117  20:19  Hydralisk  
  117  20:20  Hydralisk x8  
  134  20:25  Drone x2  
  134  20:26  Drone x4  
  114  20:42  Lurker x2  
  116  20:46  Lurker  
  116  20:47  Drone x3  
  116  20:48  Drone  
Tags
 
Add a new tag
Caveats
  • Supply blocks, unpowered buildings, or Contaminate may cause inaccurate times.
  • Supply counts are checked every 10 seconds.